 Dungeon Crawl Stone Soup version 0.24.0-125-gc4c63601f3 (webtiles) character file.

Game seed: 17854703706952777914, levelgen mode: deterministic

1185 Johnny the Ruffian (level 8, -5/120 HPs)
             Began as a Naga Berserker on Feb 26, 2020.
             Was a Priest of Trog.
             Slain by a two-headed ogre
             ... wielding a +0 giant club
              (7 damage)
             ... on level 5 of the Dungeon.
             The game lasted 00:05:10 (5275 turns).

Johnny the Ruffian (Naga Berserker)                 Turns: 5275, Time: 00:05:10

Health: -5/120     AC:  6    Str: 26    XL:     8   Next: 42%
Magic:  8/8        EV:  9    Int:  9    God:    Trog [***...]
Gold:   268        SH:  0    Dex: 10    Spells: 7/7 levels left

rFire    . . .     SeeInvis +   r - +1 war axe (venom)
rCold    . . .     Gourm    .   (no shield)
rNeg     + . .     Faith    .   q - +0 ring mail
rPois    +         Spirit   .   (no helmet)
rElec    .         Reflect  .   w - scarf {cloud immunity}
rCorr    .         Harm     .   v - +0 pair of gloves
MR       +++..                  (no barding)
Stlth    ..........             (no amulet)
HPRegen  1.30/turn              n - ring of positive energy
MPRegen  0.11/turn              (no ring)

@: berserking, regenerating, quick
A: large, see invisible, deformed body, poison resistance, slowness 2, slow
metabolism 1, spit poison 1, AC +2
a: Spit Poison, Berserk, Trog's Hand, Renounce Religion


You were on level 5 of the Dungeon.
You worshipped Trog.
Trog was most pleased with you.
You were not hungry.

You visited 1 branch of the dungeon, and saw 5 of its levels.

You collected 268 gold pieces.

Inventory:

Hand Weapons
 f - a +2 short sword of draining
 r - a +1 war axe of venom (weapon)
Armour
 q - a +0 ring mail (worn)
 v - a +0 pair of gloves (worn)
 w - a scarf of cloud immunity (worn)
Jewellery
 n - a ring of positive energy (left hand)
Wands
 a - a wand of polymorph (2)
Scrolls
 e - a scroll of immolation
 g - 5 scrolls of remove curse
 j - 2 scrolls of enchant armour
 o - 2 scrolls of teleportation
 s - a scroll of magic mapping {unknown}
 t - a scroll of fog {unknown}
Potions
 c - 2 potions of might
 d - 2 potions of curing
 i - a potion of invisibility
 k - a potion of cancellation {unknown}
 l - a potion of experience {unknown}
 m - 2 potions of agility {unknown}
 p - 3 potions of degeneration
Comestibles
 b - 8 rations


   Skills:
 + Level 7.3 Fighting
 - Level 1.5 Armour
 - Level 1.5 Dodging
 + Level 7.8 Unarmed Combat


You had 7 spell levels left.
You didn't know any spells.
Your spell library was empty.

Dungeon Overview and Level Annotations

Branches:
Dungeon (5/15)
 Temple: D:4-7

Altars:
Kikubaaqudgha
Trog
Uskayaw
The Shining One

Annotations:
D:3 3 runed translucent doors, Thomus's ghost, amateur DECj


Innate Abilities, Weirdness & Mutations

You cannot wear boots.
Your serpentine skin is tough. (AC +2)
You have supernaturally acute eyesight. (SInv)
Armour fits poorly on your strangely shaped body.
Your system is resistant to poisons. (rPois)
You cover ground very slowly.
You have a slow metabolism.
You can spit poison.


Message History

The killer bee stings you but does no damage.
The killer bee closely misses you.
You closely miss the killer bee.
The killer bee is heavily wounded.
The killer bee barely misses you.
A hound comes into view.
The killer bee closely misses you.
You slice the killer bee!!
You kill the killer bee!
Trog accepts your kill.
You closely miss the two-headed ogre.
The two-headed ogre hits you with a +0 giant club!!
The two-headed ogre hits you with a +0 giant spiked club!!
* * * LOW HITPOINT WARNING * * *
You hit the two-headed ogre.
The two-headed ogre is poisoned.
The two-headed ogre is lightly wounded.
The two-headed ogre hits you with a +0 giant club!!
* * * LOW HITPOINT WARNING * * *
The two-headed ogre hits you with a +0 giant spiked club!
You die...

#.................#....#.....##
#.................#....#.....##
##..####.##########....#.......
####..####.######...#....+.......
..........).........#....#.....##
....................'....#.....##
..............h.....#....+......#
....................#....#......#
O..............O@...#...(########
###############'#####........)...
#......... .....................
#......... ......<...............
'................................
#O...................##'#########
#......############'##...........
#(.(...# ........#............
).###+## ........#............


You could see a two-headed ogre and a hound.

Vanquished Creatures
  Sigmund (D:3)
  An ice beast (D:5)
  2 ogres
  A phantom (D:5)
  A centaur (D:4)
  2 scorpions (D:4)
  A killer bee (D:5)
  A bullfrog zombie (D:5)
  A centaur zombie (D:5)
  A bullfrog skeleton (D:5)
  2 orc priests (D:3)
  An iguana (D:4)
  Terence (D:3)
  2 worker ants
  6 adders
  A shadow imp (D:5)
  4 oozes
  10 worms
  2 dart slugs
  4 leopard geckos
  13 orcs
  A ball python (D:1)
  9 bats
  7 giant cockroaches
  8 goblins
  7 hobgoblins
  2 jackals (D:5)
  6 kobolds
  3 quokkas
  9 frilled lizards
  6 rats
116 creatures vanquished.

Notes
Turn   | Place    | Note
-------+----------+-------------------------------------------
     0 | D:1      | Johnny the Naga Berserker began the quest for the Orb.
     0 | D:1      | Reached XP level 1. HP: 21/21 MP: 1/1
   151 | D:1      | Reached XP level 2. HP: 24/28 MP: 2/2
   724 | D:1      | Reached XP level 3. HP: 25/34 MP: 3/3
  1172 | D:2      | Found a glowing golden altar of the Shining One.
  1473 | D:2      | Reached ** piety under Trog
  1756 | D:3      | Noticed Sigmund
  1821 | D:2      | Reached XP level 4. HP: 38/42 MP: 4/4
  2631 | D:3      | Killed Sigmund
  2631 | D:3      | Reached skill level 5 in Unarmed Combat
  2631 | D:3      | Reached XP level 5. HP: 51/51 MP: 5/5
  2631 | D:3      | Reached XP level 6. HP: 60/60 MP: 6/6
  2957 | D:3      | Found an ancient bone altar of Kikubaaqudgha.
  2957 | D:3      | Found a bloodstained altar of Trog.
  3000 | D:3      | Found a runed translucent gate.
  3001 | D:3      | Found a runed translucent gate.
  3002 | D:3      | Found a runed translucent gate.
  3017 | D:3      | Reached skill level 5 in Fighting
  3031 | D:3      | Noticed Thomus's ghost (amateur DECj)
  3355 | D:3      | Found a hide-covered altar of Uskayaw.
  3446 | D:3      | Noticed Terence
  3453 | D:3      | Killed Terence
  3453 | D:3      | Reached *** piety under Trog
  3625 | D:4      | Reached XP level 7. HP: 46/67 MP: 7/7
  4448 | D:5      | Entered Level 5 of the Dungeon
  4481 | D:5      | Reached XP level 8. HP: 78/78 MP: 8/8
  4928 | D:5      | Noticed a two-headed ogre
  5275 | D:5      | HP: 2/120 [two-headed ogre/+0 giant club (22)]
  5275 | D:5      | Slain by a two-headed ogre

Levels and vault maps discovered:
D:1:      lemuel_arrival_room, layout_loops_corners
D:2:      layout_loops_cross, first_ration, lemuel_altar_in_water
D:3:      layout_loops_cross, gammafunk_temple_overflow_pools,
          nicolae_overflow_hidden_temple, ebering_ghost_rock_garden,
          uniq_sigmund, uniq_terence
D:4:      cheibrodos_quashed, layout_basic
D:5:      layout_gridville

Skill      XL: |  1  2  3  4  5  6  7  8 |
---------------+-------------------------+-----
Unarmed Combat | 4 5 6 7 |  7.8
Fighting       | 4 5 6 7 |  7.3
Armour         | |  1.5
Dodging        | |  1.5

Action                   |  1- 3 |  4- 6 |  7- 9 || total
-------------------------+-------+-------+-------++-------
Melee: Unarmed           |    44 |       |       ||    44
       Short sword       |    92 |    66 |       ||   158
       Punch             |     2 |     3 |     5 ||    10
       War axe           |       |    70 |   112 ||   182
Invok: Berserk           |     1 |     6 |     3 ||    10
       Trog's Hand       |       |     2 |     1 ||     3
Evoke: Wand              |       |       |     2 ||     2
  Use: Scroll            |       |     1 |     9 ||    10
       Potion            |       |       |     1 ||     1
 Stab: Sleeping          |     1 |       |       ||     1
  Eat: Chunk             |     2 |    10 |     3 ||    15
       Ration            |       |       |     2 ||     2
Armor: Animal skin       |    33 |    24 |       ||    57
       Ring mail         |       |    14 |    54 ||    68
Dodge: Dodged            |    83 |    85 |    70 ||   238
